 Dungeon Crawl Stone Soup version 0.31-a0-920-g28cbb04a8c (webtiles) character file.

Game seed: 14556894377042022523

854 Ekaitz the Digger (level 8, 0/50 HPs)
             Began as an Octopode Earth Elementalist on Oct 17, 2023.
             Was an Initiate of Vehumet.
             Slain by an orc
             ... wielding a +2 hand axe of pain
              (3 damage)
             ... on level 6 of the Dungeon.
             The game lasted 00:09:43 (4581 turns).

Ekaitz the Digger (Octopode Earth Elementalist)     Turns: 4581, Time: 00:09:44

Health: 0/50       AC:  1    Str:  8    XL:     8   Next: 1%
Magic:  12/12      EV: 14    Int: 17    God:    Vehumet [......]
Gold:   295        SH:  0    Dex: 14    Spells: 3/13 levels left

rFire   . . .        t - +3 dagger (elec)
rCold   . . .        (no shield)
rNeg    . . .        (helmet restricted)
rPois   .            q - amulet of faith
rElec   .            (no ring)
rCorr   .            (no ring)
SInv    .            (no ring)
Will    .....        (no ring)
Stlth   ++++         (no ring)
HPRegen 0.28/turn    (no ring)
MPRegen 0.13/turn    (no ring)
                     (no ring)

%: faith
@: no status effects
A: almost no armour, amphibious, 8 rings, camouflage 1, gelatinous body 1,
(nimble swimmer 1), tentacles
a: Renounce Religion


You were on level 6 of the Dungeon.
You worshipped Vehumet.
Vehumet was noncommittal.
You visited 2 branches of the dungeon, and saw 7 of its levels.

You collected 295 gold pieces.

Inventory:

Hand Weapons
 c - a +0 rapier
 t - a +3 dagger of electrocution (weapon)
 w - a +5 scimitar
Magical Staves
 v - a staff of conjuration
Jewellery
 q - an amulet of faith (around mantle)
Wands
 n - a wand of iceblast (14)
 o - a wand of flame (10)
 p - a wand of paralysis (9)
Scrolls
 b - 4 scrolls of teleportation {unknown}
 e - 3 scrolls of amnesia {unknown}
 f - a scroll of poison {unknown}
 g - a scroll of immolation {unknown}
 h - 2 scrolls of enchant weapon {unknown}
 j - a scroll of vulnerability {unknown}
 l - a scroll of butterflies {unknown}
 m - 4 scrolls of identify {unknown}
 r - a scroll of enchant armour {unknown}
 u - a scroll of acquirement {unknown}
Potions
 a - a potion of magic
 d - a potion of brilliance {unknown}
 i - a potion of degeneration {unknown}
 k - 3 potions of curing {unknown}
 s - a potion of mutation {unknown}


   Skills:
 * Level 2.2 Fighting
 + Level 1.4 Short Blades
 * Level 3.9 Dodging
 + Level 4.1 Stealth
 + Level 3.2 Spellcasting
 * Level 2.6 Conjurations
 + Level 1.2 Transmutations
 * Level 6.0 Earth Magic
 * Level 1.7 Evocations


You had 3 spell levels left.
You knew the following spells:

 Your Spells              Type           Power      Damage    Failure   Level
a - Sandblast             Erth           46%        2d11      1%          1
b - Passwall              Tmut/Erth      12%        N/A       6%          2
c - Stone Arrow           Conj/Erth      34%        3d9       9%          3
d - Brom's Barrelling Bo  Conj/Erth      17%        2d4       28%         4

Your spell library contained the following spells:

 Spells                   Type           Power      Damage    Failure   Level
 Gell's Gravitas          Tloc           2%         N/A       45%         3
 Teleport Other           Tloc           2%         N/A       45%         3
 Petrify                  Tmut/Erth      15%        N/A       36%         4
 Dispersal                Tloc           1%         N/A       100%        6


Dungeon Overview and Level Annotations

Branches:
Dungeon (6/15)             Temple (1/1) D:5

Altars:
Ashenzari
Cheibriados
Dithmenos
Elyvilon
Hepliaklqana
Kikubaaqudgha
Okawaru
Qazlal
Ru
Sif Muna
Uskayaw
Vehumet
Wu Jian
Xom
Yredelemnul
Zin
The Shining One

Shops:
D:4 *

Annotations:
D:5 exclusions: steam dragon and 2 wights


Innate Abilities, Weirdness & Mutations

You cannot wear most types of armour.
You are amphibious.
You can wear up to eight rings at the same time.
Your skin changes colour to match your surroundings (Stealth+).
Your rubbery body absorbs attacks. (AC +1, EV +1)
((You are camouflaged when in or above water. (Stealth+)))
You have tentacles for arms and can constrict up to eight enemies at once.


Message History

You hit the orc. Lightning courses through the orc!
You kill the orc!
Vehumet accepts your kill.
You constrict the orc priest.
You constrict the orc, but do no damage.
The orc priest casts a cantrip, but nothing happens.
The orc hits you with a +0 morningstar.
You miss the adder. Your grab misses the adder. You squeeze the adder.
The adder is lightly wounded.
You constrict the orc priest.
You kill the orc priest!
Vehumet accepts your kill.
You constrict the orc.
You kill the orc!
Vehumet accepts your kill. The adder closely misses you.
You have reached level 8!
Unknown command.
Unknown command.
You closely miss the adder. Your grab misses the adder.
The adder is lightly wounded.
The adder bites you.
The orc hits you with a +2 hand axe of pain.
The gnoll misses you.
A shadow imp comes into view.
You hit the adder. Lightning courses through the adder!
You kill the adder!
Vehumet accepts your kill. The orc misses you.
The gnoll hits you from afar with a +0 halberd!
Your Earth Magic skill increases to level 6!
The gnoll attacks as it pursues you!
The gnoll hits you from afar with a +0 halberd!
* * * LOW HITPOINT WARNING * * *
The orc attacks as it pursues you!
The orc hits you with a +2 hand axe of pain!
* * * LOW HITPOINT WARNING * * *
There is a stone staircase leading up here.
The orc hits you with a +2 hand axe of pain.
You die...

..........(...
............#
............##
.............#
......)))...#
#>....#5..#
#.....#g..#.#
#..:.Jo..$#
#....#.@#...#
#..# ####....#
#. #.....
..##. !##


You could see a jelly, a gnoll, a shadow imp and an orc.

Vanquished Creatures
  An ice beast (D:5)
  A sky beast (D:5)
  2 scorpions
  3 wights (D:5)
  A hound (D:5)
  An orc priest (D:6)
  An iguana (D:5)
  Natasha (thrice) (D:2)
  An orc wizard (D:4)
  4 gnolls
  10 adders
  2 worms
  A dart slug (D:5)
  5 orcs
  8 bats
  5 endoplasms
  3 giant cockroaches
  8 goblins
  8 hobgoblins
  2 jackals (D:5)
  5 quokkas
  11 ball pythons
  4 frilled lizards
  7 kobolds
  5 rats
102 creatures vanquished.

Notes
Turn   | Place    | Note
-------+----------+-------------------------------------------
     0 | D:1      | Ekaitz the Octopode Earth Elementalist began the quest for
                  | the Orb.
     0 | D:1      | Reached XP level 1. HP: 11/11 MP: 3/3
    93 | D:1      | Reached XP level 2. HP: 17/17 MP: 0/5
   104 | D:1      | Learned a level 2 spell: Passwall
   449 | D:1      | Reached XP level 3. HP: 22/22 MP: 4/6
   472 | D:1      | Learned a level 3 spell: Stone Arrow
   856 | D:2      | Noticed Natasha
   862 | D:2      | Killed Natasha
   863 | D:2      | Reached skill level 1 in Fighting
   863 | D:2      | Reached XP level 4. HP: 27/28 MP: 3/7
   913 | D:2      | Reached skill level 1 in Short Blades
   914 | D:2      | Noticed Natasha
   917 | D:2      | Killed Natasha
   920 | D:2      | Reached skill level 4 in Earth Magic
  1190 | D:2      | Noticed Natasha
  1194 | D:2      | Reached skill level 1 in Conjurations
  1199 | D:2      | Killed Natasha
  1200 | D:2      | Reached XP level 5. HP: 12/33 MP: 1/8
  1530 | D:2      | Found a faded altar of an unknown god.
  2187 | D:3      | Identified the +1 ring mail "Nogug" {rPois Dex+4}
  2368 | D:3      | Reached XP level 6. HP: 38/38 MP: 2/9
  2661 | D:4      | Learned a level 4 spell: Brom's Barrelling Boulder
  2675 | D:4      | You fall into a shaft and drop 1 floor!
  2675 | D:5      | Entered Level 5 of the Dungeon
  3095 | D:4      | Found Ves Irow's Fire Supplies.
  3197 | D:4      | Reached skill level 5 in Earth Magic
  3352 | D:5      | Found a stormy altar of Qazlal.
  3451 | D:5      | Noticed an ice beast
  3458 | D:5      | Killed an ice beast
  3459 | D:5      | Reached skill level 1 in Evocations
  3766 | D:5      | Reached XP level 7. HP: 44/44 MP: 1/11
  3848 | D:5      | Found a staircase to the Ecumenical Temple.
  3855 | Temple   | Entered the Ecumenical Temple
  3900 | Temple   | Became a worshipper of Vehumet
  4116 | D:5      | Noticed a steam dragon
  4576 | D:6      | Reached XP level 8. HP: 48/50 MP: 12/12
  4578 | D:6      | Reached skill level 6 in Earth Magic
  4581 | D:6      | Slain by an orc

Illustrated notes

Levels and vault maps discovered:
D:1:      denvon_arrival_planthouse, layout_rooms
D:2:      cheibrodos_old_hovel, layout_loops_ring,
          shapermc_ecumenical_altar_mp_highgroup, uniq_natasha
D:3:      layout_basic
D:4:      layout_rooms, nicolae_shop_fire_sale [nicolae_sub_dead_trees]
D:5:      layout_basic, mainiacjoe_overflow_tiny_flanked,
          minmay_temple_entry_junction
D:6:      layout_cave_pools, grunt_temple_overflow_opulence,
          fedhas_ov_isle_minmay
Temple:   nicolae_temple_superstar

Skill      XL: |  1  2  3  4  5  6  7  8 |
---------------+-------------------------+-----
Stealth        | 3 4 |  4.1
Fighting       | 1 2 |  2.2
Short Blades   | 1 |  1.4
Earth Magic    | 4 5 6 |  6.0
Conjurations   | 1 2 |  2.6
Evocations     | 1 |  1.7
Spellcasting   | 3 |  3.2
Dodging        | 3 |  3.9
Transmutations | |  1.2

Action                     |  1- 3 |  4- 6 |  7- 9 || total
---------------------------+-------+-------+-------++-------
  Melee: Rapier            |    44 |    27 |       ||    71
         Constrict         |     9 |     7 |     5 ||    21
         Tentacles         |    10 |     8 |     5 ||    23
         Dagger            |       |     6 |    19 ||    25
   Cast: Sandblast         |    13 |    54 |       ||    67
         Passwall          |     5 |     5 |     1 ||    11
         Stone Arrow       |       |     9 |    10 ||    19
   Stab: Sleeping          |    11 |    12 |     3 ||    26
 Armour: Skin              |    19 |    20 |    17 ||    56
  Dodge: Dodged            |    25 |    36 |    22 ||    83

Table legend: (Time is in decaauts)
 A = Elapsed time spent in this place.
 B = Non-inter-level travel time spent in this place.
 C = Inter-level travel time spent in this place.
 D = Time resting spent in this place.
 E = Time spent auto-exploring this place.
 F = Levels seen in this place.
 G = Mean time per level.
                   A        B        C        D        E       F      G
               +--------+--------+--------+--------+--------+-----+--------+
         Total |   4623 |   4454 |    169 |    529 |   2981 |   7 |  660.4 |
       Dungeon |   4559 |   4403 |    156 |    529 |   2981 |   6 |  759.8 |
        Temple |     63 |     50 |     13 |      0 |      0 |   1 |   63.0 |
               +--------+--------+--------+--------+--------+-----+--------+

Top non-repeatable levels by time:
     D:5: 1279 daAuts
     D:2: 1110 daAuts
     D:1: 809 daAuts
     D:3: 681 daAuts
     D:4: 640 daAuts
  Temple: 63 daAuts
     D:6: 37 daAuts
